 Dungeon Crawl Stone Soup version 0.17.0-26-gececa24 (console) character file.

37 gw the Cudgeler (level 3, -2/36 HPs)
             Began as an Ogre Warper on Nov 19, 2015.
             Slain by a hobgoblin (3 damage)
             ... on level 2 of the Dungeon.
             The game lasted 00:00:51 (1483 turns).

gw the Cudgeler (Ogre Warper)                       Turns: 1483, Time: 00:00:51

Health: -2/36      AC:  3    Str: 19    XL:     3   Next: 41%
Magic:  1/7        EV: 10    Int: 13    God:
Gold:   64         SH:  0    Dex:  9    Spells: 3 memorised, 0 levels left

rFire  . . .     SeeInvis .     a - +0 mace
rCold  . . .     Clarity  .     b - +0 robe
rNeg   . . .     SustAt   .     (no shield)
rPois  .         Gourm    .     (helmet restricted)
rElec  .         Spirit   .     (no cloak)
rCorr  .         Warding  .     (gloves unavailable)
rMut   .         Stasis   .     (boots unavailable)
MR     .....                    (no amulet)
Stlth  +.........               (no ring)
                                m - +3 ring of strength

@: lethally poisoned (-2 -> -7), very slightly contaminated, not resistant to
hostile enchantments, very unstealthy
A: unfitting armour, tough skin 1
a: no special abilities


You were on level 2 of the Dungeon.
You were near starving.

You visited 1 branch of the dungeon, and saw 2 of its levels.

You collected 64 gold pieces.

Inventory:

Hand Weapons
 a - a +0 mace (weapon)
Missiles
 l - 30 stones (quivered)
Armour
 b - a +0 robe (worn)
Jewellery
 m - a +3 ring of strength (left hand)
Scrolls
 d - a scroll of blinking
Books
 c - a book of Spatial Translocations

   Spells                             Type                      Level
   a - Apportation                    Translocation                1
   b - Blink                          Translocation                2
   c - Shroud of Golubria             Charms/Translocation         2
   d - Portal Projectile              Translocation                3
   e - Teleport Other                 Translocation                3
   f - Passage of Golubria            Translocation                4
Comestibles
 f - a bread ration
 g - a slice of pizza
 j - 2 meat rations


   Skills:
 + Level 2.8 Fighting
 + Level 3.4 Maces & Flails
 + Level 1.5 Throwing
 + Level 2.3 Dodging
 + Level 2.7 Spellcasting
 * Level 2.5 Translocations


You couldn't memorise any spells.
You knew the following spells:

 Your Spells              Type           Power        Failure   Level  Hunger
a - Portal Projectile     Tloc           #.....       28%         3    ###....
b - Blink                 Tloc           N/A          14%         2    ###....
c - Shroud of Golubria    Chrm/Tloc      #.........   24%         2    ###....


Dungeon Overview and Level Annotations

Branches:
Dungeon (2/15)

Altars:


Innate Abilities, Weirdness & Mutations

You are too large for most types of armour.
You have tough skin (AC +1).


Message History

The hobgoblin closely misses you.
ATTACKING (-1,1)
You barely miss the hobgoblin.
The hobgoblin is moderately wounded.
The hobgoblin barely misses you. The hobgoblin hits you.
ATTACKING (-1,0)
You closely miss the goblin.
The goblin hits you with a dagger of venom.
You are lethally poisoned!
The hobgoblin closely misses you.
ATTACKING (-1,0)
You hit the goblin.
You kill the goblin!
You feel sick.
The hobgoblin hits you but does no damage.
ATTACKING (-1,1)
You closely miss the hobgoblin.
The hobgoblin is moderately wounded.
You feel sick. The hobgoblin hits you.
You die...

###########
..........#
......)O..#
......g...#
..........#
..(.......#
..........#
(.........#
..........#
(.........#


You could see a hobgoblin.

Table legend:
 A = Turns spent in this place as a percentage of turns spent in the entire game.
 B = Non-inter-level travel turns spent in this place as a percentage of non-inter-level travel turns spent in the entire game.
 C = Inter-level travel turns spent in this place as a percentage of turns spent in this place.
 D = Turns resting spent in this place as a percentage of non-inter-level travel turns spent in this place.
 E = Turns spent auto-exploring this place as a percentage of non-inter-level travel turns spent in this place.
 F = Non-inter-level travel turns spent in this place divided by the number of levels of this place that you've seen.
                   A       B       C       D       E      F
               +-------+-------+-------+-------+-------+----------------------
         Total | 100.0 | 100.0 |   0.4 |   1.5 |   2.3 | 986.0
       Dungeon | 100.0 | 100.0 |   0.4 |   1.5 |   2.3 | 986.0
               +-------+-------+-------+-------+-------+----------------------

Table legend:
 A = Kills in this place as a percentage of kills in entire the game.
 B = Kills by you in this place as a percentage of kills by you in the entire game.
 C = Kills by friends in this place as a percentage of kills by friends in the entire game.
 D = Other kills in this place as a percentage of other kills in the entire game.
 E = Experience gained in this place as a percentage of experience gained in the entire game.
 F = Experience gained in this place divided by the number of levels of this place that you have seen.
                   A       B       C       D       E      F
               +-------+-------+-------+-------+-------+----------------------
         Total | 100.0 | 100.0 |  -nan |  -nan | 100.0 |  27.0
       Dungeon | 100.0 | 100.0 |  -nan |  -nan | 100.0 |  27.0
               +-------+-------+-------+-------+-------+----------------------

Vanquished Creatures
  An ooze (D:1)
  2 giant geckos (D:1)
  A giant cockroach (D:1)
  8 goblins
  4 hobgoblins (D:1)
  4 jackals (D:1)
  4 bats (D:1)
  A giant newt (D:1)
  A kobold (D:1)
  2 rats (D:1)
28 creatures vanquished.

Notes
Turn   | Place    | Note
--------------------------------------------------------------
     0 | D:1      | gw the Ogre Warper began the quest for the Orb.
     0 | D:1      | Reached XP level 1. HP: 22/22 MP: 3/3
    85 | D:1      | Reached XP level 2. HP: 29/29 MP: 5/5
    91 | D:1      | Learned a level 2 spell: Blink
    94 | D:1      | Learned a level 2 spell: Shroud of Golubria
   137 | D:1      | Reached skill level 3 in Maces & Flails
   389 | D:1      | Reached XP level 3. HP: 19/36 MP: 1/7
  1371 | D:1      | Learned a level 3 spell: Portal Projectile
  1483 | D:2      | HP: 1/36 [poisoned by a goblin]
  1483 | D:2      | Slain by a hobgoblin

Action                   || total
-------------------------++-------
Melee: Mace              ||    67
Throw: Tomahawk          ||     5
       Stone             ||    20
 Cast: Shroud of Golubri ||    14
  Use: Scroll            ||     5
       Potion            ||     2
  Eat: Chunk             ||     1

Vault maps used:
D:1:      scummos_arrival_simple_fountains
D:2:      first_bread, uniq_jessica
